 Dungeon Crawl Stone Soup version 0.31-a0-188-g5e087ee2ca (webtiles) character file.

Game seed: 679863486725047680

259 juan097 the Shield-Bearer (level 6, -1/48 HPs)
             Began as a Formicid Fighter on June 23, 2023.
             Killed by nerve-wracking pain
             ... invoked by Grinder
              (11 damage)
             ... on level 4 of the Dungeon.
             The game lasted 00:05:00 (3102 turns).

juan097 the Shield-Bearer (Formicid Fighter)        Turns: 3102, Time: 00:05:00

Health: -1/48      AC:  8    Str: 22    XL:     6   Next: 40%
Magic:  6/6        EV:  9    Int:  8    God:
Gold:   256        SH:  5    Dex: 13    Spells: 5/5 levels left

rFire   . . .        a - +0 war axe
rCold   . . .        c - +0 buckler
rNeg    . . .        b - +0 scale mail
rPois   .            (helmet unavailable)
rElec   .            (no cloak)
rCorr   .            r - +0 pair of gloves
SInv    +            (no boots)
Will    .....        (no amulet)
Stlth   +            (no ring)
HPRegen 0.28/turn    (no ring)
MPRegen 0.10/turn

%: no passive effects
@: no status effects
A: permanent stasis, dig shafts and tunnels, antennae 3, four strong arms
a: Dig, Shaft Self


You were on level 4 of the Dungeon.
You visited 1 branch of the dungeon, and saw 4 of its levels.

You collected 256 gold pieces.

Inventory:

Hand Weapons
 a - a +0 war axe (weapon)
Missiles
 j - 5 poisoned darts
 o - 6 boomerangs
Armour
 b - a +0 scale mail (worn)
 c - a +0 buckler (worn)
 r - a +0 pair of gloves (worn)
Jewellery
 k - an amulet of reflection
Scrolls
 e - 3 scrolls of identify {unknown}
 h - a scroll of revelation {unknown}
 n - 2 scrolls of immolation {unknown}
 q - a scroll of fog {unknown}
 s - a scroll of amnesia {unknown}
Potions
 d - 3 potions of might
 f - a potion of mutation {unknown}
 g - a potion of enlightenment {unknown}
 i - a potion of attraction {unknown}
 l - 2 potions of heal wounds {unknown}
 m - a potion of lignification {unknown}
 p - a potion of degeneration {unknown}
 t - a potion of invisibility {unknown}


   Skills:
 - Level 4.0 Fighting
 * Level 4.2 Axes
 - Level 4.0 Armour
 + Level 3.0 Stealth
 + Level 5.2 Shields


You had 5 spell levels left.
You didn't know any spells.
Your spell library contained the following spells:

 Spells                   Type           Power      Damage    Failure   Level
 Ensorcelled Hibernation  Hex/Ice        0%         N/A       90%         2
 Spider Form              Tmut/Pois      0%         N/A       99%         3
 Anguish                  Hex/Necr       0%         N/A       100%        4


Dungeon Overview and Level Annotations

Branches:
Dungeon (4/15)
 Temple: D:4-7

Altars:
Qazlal

Annotations:
D:4 2 transporters, Grinder


Innate Abilities, Weirdness & Mutations

You cannot be hasted, slowed, berserked, paralysed or teleported.
You can dig through walls and to a lower floor.
You have a pair of large antennae on your head. (SInv)
Your four strong arms can wield two-handed weapons with a shield.


Message History

You barely miss Grinder.
Grinder is heavily wounded.
Grinder misses you.
You hit Grinder.
Grinder is heavily wounded.
You block Grinder's attack. Grinder gestures at you.
You struggle to resist.
You hit Grinder.
Grinder is heavily wounded.
Grinder barely misses you.
You hit Grinder.
Grinder is severely wounded.
Grinder says, "Mostly I couldn't keep them alive."
Grinder hits you.
You writhe in agony.
You closely miss Grinder.
Grinder is severely wounded.
Grinder blinks!
Grinder barely misses you.
You closely miss Grinder.
Grinder is severely wounded.
You block Grinder's attack.
You closely miss Grinder.
Grinder is severely wounded.
Grinder hits you!
You writhe in agony.
You hit Grinder.
Grinder is severely wounded.
You block Grinder's attack.
You barely miss Grinder.
Grinder is severely wounded.
Grinder gestures at you. Pain shoots through your body!
* * * LOW HITPOINT WARNING * * *
Grinder gestures at you.
You struggle to resist.
You barely miss Grinder.
Grinder is severely wounded.
Grinder gestures at you. Pain shoots through your body!
You die...

#..#...# #......#
#..##..###
#........#
##..#####.#
###########.....#
#.#
............###.#
#.# ###########.#
#5###.# # #.#
#.@...# #
#.....###.# #
#.###. ..# ######
#.# #. #.# .....#
#.# #. #.# ####.#
.# #. #.# #.# #.
#.# #.# #. .# #.#


You could see Grinder.

Vanquished Creatures
  A sleepcap (D:4)
  Natasha (D:4)
  6 gnolls (D:2)
  8 adders
  4 worms
  4 dart slugs
  6 endoplasms
  3 giant cockroaches (D:1)
  3 goblins
  4 hobgoblins
  2 kobolds (D:1)
  A quokka (D:4)
  9 ball pythons
  10 bats
  3 frilled lizards (D:1)
  5 rats
70 creatures vanquished.

Notes
Turn   | Place    | Note
-------+----------+-------------------------------------------
     0 | D:1      | juan097 the Formicid Fighter began the quest for the Orb.
     0 | D:1      | Reached XP level 1. HP: 18/18 MP: 1/1
    65 | D:1      | Found a faded altar of an unknown god.
    70 | D:1      | Reached XP level 2. HP: 24/24 MP: 2/2
   178 | D:1      | Reached skill level 1 in Stealth
   298 | D:1      | Reached XP level 3. HP: 26/29 MP: 3/3
   546 | D:2      | Reached XP level 4. HP: 12/37 MP: 4/4
   941 | D:2      | Reached XP level 5. HP: 23/42 MP: 5/5
  1027 | D:2      | Found a stormy altar of Qazlal.
  2719 | D:4      | Reached skill level 5 in Shields
  2719 | D:4      | Reached XP level 6. HP: 38/48 MP: 6/6
  2893 | D:4      | Found a transporter.
  2945 | D:4      | Found a transporter.
  3014 | D:4      | Noticed Natasha
  3020 | D:4      | Killed Natasha
  3034 | D:4      | Noticed Grinder
  3102 | D:4      | Killed from afar by Grinder

Illustrated notes

Levels and vault maps discovered:
D:1:      tarquinn_simple_flora_water_d, layout_basic,
          shapermc_ecumenical_altar_starsandcircs
D:2:      layout_basic, basic_altar
D:3:      layout_basic
D:4:      layout_loops_ring, gammafunk_ghost_gnarly_gnolls, uniq_natasha,
          uniq_grinder

Skill      XL: |  1  2  3  4  5  6 |
---------------+-------------------+-----
Stealth        | 1 2 3 |  3.0
Axes           | 3 4 |  4.2
Fighting       | 4 |  4.0
Armour         | 4 |  4.0
Shields        | 5 |  5.2

Action                     |  1- 3 |  4- 6 || total
---------------------------+-------+-------++-------
  Melee: War axe           |    56 |   155 ||   211
 Armour: Scale mail        |    28 |    58 ||    86
  Dodge: Dodged            |    25 |    64 ||    89
  Block: Buckler           |    15 |    40 ||    55

Table legend: (Time is in decaauts)
 A = Elapsed time spent in this place.
 B = Non-inter-level travel time spent in this place.
 C = Inter-level travel time spent in this place.
 D = Time resting spent in this place.
 E = Time spent auto-exploring this place.
 F = Levels seen in this place.
 G = Mean time per level.
                   A        B        C        D        E       F      G
               +--------+--------+--------+--------+--------+-----+--------+
         Total |   3178 |   3076 |    102 |      0 |   2390 |   4 |  794.5 |
       Dungeon |   3178 |   3076 |    102 |      0 |   2390 |   4 |  794.5 |
               +--------+--------+--------+--------+--------+-----+--------+

Top non-repeatable levels by time:
     D:2: 1554 daAuts
     D:3: 748 daAuts
     D:1: 438 daAuts
     D:4: 437 daAuts
